AoeStats
← [KMNB] Bandeira

MegaRandom

507822166Analyzed
3v3 RM · 13d ago on Sep 19, 2026· 47m 49s· 6 players
Game mode
Random Map
Map size
Normal (6 player)
Population
200
Speed
Normal
Resources
Standard
Victory
Conquest
Starting age
Dark Age
Ending age
Imperial Age
RankedLock teamsTeams togetherTeam positionsShared explorationLock speedFull tech treeHidden civsTurbo modeCheats
Victory
Defeat
🇧🇷 Magyars · Brazil
1515
+13
🇧🇷 Saracens · Brazil
1470
+15
🇧🇷 Italians · Brazil
1436
+16
🇦🇷 Mongols · Argentina
1460
-15
🇦🇷 Ethiopians · Argentina
1452
-15
🇦🇷 Koreans · Argentina
1431
-14
Ds3.Marco Van Basten
9:02 Feudal Age
9:58 Loom
10:01 Double-Bit Axe
22:49 Castle Age
22:30 Bloodlines
22:15 Gold Mining
24:57 Scale Barding Armor
25:53 Horse Collar
27:39 Chain Barding Armor
30:10 Husbandry
35:18 Wheelbarrow
34:57 Bow Saw
38:19 Forging
39:29 Hand Cart
39:28 Heavy Plow
41:09 Iron Casting
45:57 Imperial Age
44:35 Gold Shaft Mining
44:38 Nomads
46:00 Heavy Camel Rider
46:33 Fletching
46:25 Elite Mangudai
47:10 Padded Archer Armor
Nasper
10:25 Loom
13:14 Feudal Age
18:30 Castle Age
17:14 Fishing Lines
18:24 Double-Bit Axe
19:23 Fletching
20:32 Bow Saw
20:38 Bodkin Arrow
25:13 Gillnets
26:09 Horse Collar
27:15 Wheelbarrow
26:52 Gold Mining
26:52 Stone Mining
31:25 Imperial Age
30:41 Ballistics
30:19 Elite Skirmisher
32:37 Bracer
33:39 Chemistry
34:00 Conscription
35:42 Elite War Wagon
38:23 Eupseong
44:47 Scale Mail Armor
Dylan L
7:29 Loom
7:52 Loom
10:38 Feudal Age
13:21 Double-Bit Axe
14:12 Town Watch
20:34 Castle Age
19:50 Fletching
21:35 Bodkin Arrow
21:48 Crossbowman
23:12 Fishing Lines
23:59 Horse Collar
35:04 Imperial Age
34:43 Ballistics
35:59 Bracer
41:15 Padded Archer Armor
42:49 Leather Archer Armor
42:48 Arbalester
48:01 Ring Archer Armor
[KMNB] Bandeira
2:33 Loom
10:05 Feudal Age
11:21 Double-Bit Axe
18:10 Scale Barding Armor
20:09 Castle Age
19:21 Gold Mining
19:42 Bloodlines
20:56 Husbandry
21:22 Bow Saw
20:59 Horse Collar
25:19 Chain Barding Armor
27:38 Wheelbarrow
30:49 Heavy Plow
38:17 Imperial Age
38:19 Cavalier
39:41 Plate Barding Armor
39:59 Paladin
40:34 Fletching
41:01 Hand Cart
44:04 Two-Man Saw
43:38 Light Cavalry
46:48 Hussar
[KMNB] Galodoido
8:34 Loom
10:58 Feudal Age
12:31 Double-Bit Axe
16:29 Castle Age
17:30 Medium Warships
17:50 Fletching
18:35 Bodkin Arrow
18:36 Fishing Lines
22:21 Padded Archer Armor
22:28 Crossbowman
25:09 Padded Archer Armor
25:48 Ballistics
27:58 Leather Archer Armor
30:46 Wheelbarrow
30:22 Bow Saw
29:53 Horse Collar
30:53 Heavy Plow
30:50 Gold Mining
32:05 Hand Cart
35:01 Imperial Age
35:15 Gold Shaft Mining
34:30 Stone Mining
34:26 Town Watch
34:39 Treadmill Crane
35:10 Masonry
36:09 Bracer
35:30 Arbalester
36:16 Thumb Ring
37:45 Two-Man Saw
37:17 Ring Archer Armor
37:48 Chemistry
38:59 Conscription
39:13 Heavy Warships
40:07 Fervor
41:26 Counterweights
43:09 Scale Barding Armor
43:14 Forging
43:05 Husbandry
43:17 Bloodlines
43:44 Coinage
44:42 Town Patrol
44:41 Onager
45:04 Light Cavalry
47:12 Iron Casting
46:58 Chain Barding Armor
46:44 Siege Engineers
46:04 Siege Onager
49:26 Blast Furnace
[KMNB] Dedão
7:31 Loom
9:43 Feudal Age
11:25 Double-Bit Axe
18:22 Castle Age
16:33 Fletching
16:31 Horse Collar
18:13 Stone Mining
18:15 Gold Mining
20:33 Wheelbarrow
19:58 Crossbowman
20:56 Bodkin Arrow
25:31 Padded Archer Armor
25:53 Bow Saw
25:55 Heavy Plow
27:16 Town Watch
29:36 Ballistics
33:09 Imperial Age
31:21 Leather Archer Armor
31:44 Scale Barding Armor
32:42 Hand Cart
32:45 Bloodlines
33:28 Chain Barding Armor
34:29 Conscription
34:23 Bracer
34:37 Light Cavalry
35:18 Husbandry
36:06 Plate Barding Armor
35:42 Forging
37:37 Chemistry
38:24 Iron Casting
38:20 Ring Archer Armor
38:05 Town Patrol
39:34 Elite Skirmisher
43:23 Two-Man Saw
43:26 Masonry
47:45 Crop Rotation
Connection lost

Rejoining the realm…

Still unreachable

The connection could not be restored.

Session expired

The server has moved on; the page needs a fresh start.